[Event "Late-Titled-Tuesday-Blitz-March-12-2024"]
[Site "Chess.com"]
[Date "2024.03.12"]
[Round "10"]
[White "jcibarra"]
[Black "Casablanca"]
[Result "1-0"]
[WhiteElo "2921"]
[BlackElo "2588"]
[TimeControl "180+1"]
[EndTime "15:53:31 PDT"]
[Termination "jcibarra won by checkmate"]

1. e4 c5 2. Nf3 d6 3. c3 Nf6 4. h3 e6 5. Bd3 Nc6 6. Bc2 Be7 7. d4 cxd4 8. cxd4 Nb4 9. Ba4+ Bd7 10. Nc3 O-O 11. Bb3 d5 12. e5 Ne4 13. O-O Nxc3 14.
bxc3 Nc6 15. Qd3 Rc8 16. Bc2 g6 17. Bh6 Re8 18. Rac1 Na5 19. Qe3 Qc7 20. Bb1 Bb5 21. Rfe1 Nc4 22. Qf4 Na3 23. Ng5 Bd8 24. Re3 f5 25.
Nxe6 Rxe6 26. Bxf5 gxf5 27. Rg3+ Rg6 28. Qxf5 Bh4 29. Rxg6+ hxg6 30. Qxg6+ Kh8 31. Qh5 Bxf2+ 32. Kxf2 Qh7 33. Qg5 Qf7+ 34. Kg1 Bd3 35. e6 Qg6 36. Qe5+ Kh7 37. Bg5 Be4 38. Rf1 Nc4 39. Qf4 Qxe6 40.
Qh4+ Kg8 41. Bf6 Qf7 42. Qh8# 1-0

[Event "Late-Titled-Tuesday-Blitz-March-12-2024"]
[Site "Chess.com"]
[Date "2024.03.12"]
[Round "10"]
[White "PapaieDudu"]
[Black "mestrefeitosa19"]
[Result "1-0"]
[WhiteElo "2423"]
[BlackElo "2305"]
[TimeControl "180+1"]
[EndTime "15:53:31 PDT"]
[Termination "PapaieDudu won by resignation"]

1. Nf3 d5 2. d4 Nf6 3. c4 e6 4. Nc3 Be7 5. Bg5 O-O 6. e3 h6 7. Bh4 b6 8. Bd3 Bb7 9. O-O Nbd7 10. Qe2 c5 11. Rfd1 Qe8 12. Rac1 Rc8 13. Bg3 Ne4 14.
Bxe4 dxe4 15. Nd2 f5 16. Nb5 a6 17. Nd6 Bxd6 18. Bxd6 Rf6 19. b4 cxd4 20. exd4 Rg6 21.
Nb3 Nf6 22. h3 Nh5 23. Kh1 Rg5 24. d5 exd5 25. cxd5 Rxc1 26. Rxc1 Bxd5 27. Qxa6 Be6 28. Nd4 Bd7 29. Qc4+ Kh7 30. Qd5 f4 31. Qc4 e3 32.
Qd3+ g6 33. Re1 Qf7 34. fxe3 fxe3 35. Nf3 Rf5 36. Rxe3 Nf4 37. Qf1 Nd5 38. Re4 Rxf3 39.
Qxf3 Qxf3 40. gxf3 Bxh3 41. Re5 Nc3 42. Re7+ Kg8 43.
Be5 Nxa2 44. Rg7+ Kf8 45. Rxg6 Nxb4 46. Bd6+ Kf7 47. Rg3 Be6 48. Bxb4 b5 49. Bc3 h5 50. Rg7+ Kf8 51. Rb7 1-0

[Event "Late-Titled-Tuesday-Blitz-March-12-2024"]
[Site "Chess.com"]
[Date "2024.03.12"]
[Round "10"]
[White "Rud_Makarian"]
[Black "rasmussvane"]
[Result "1-0"]
[WhiteElo "3054"]
[BlackElo "2945"]
[TimeControl "180+1"]
[EndTime "15:53:33 PDT"]
[Termination "Rud_Makarian won on time"]

1. d4 d5 2. c4 e6 3. Nf3 h6 4.
Nc3 Nf6 5. Bf4 Bd6 6. Qc1 b6 7. Bxd6 Qxd6 8. Nb5 Qe7 9. cxd5 Qb4+ 10. Nc3 exd5 11. e3 O-O 12. Bd3 Qe7 13. O-O c5 14.
Ne5 Ba6 15. Qd2 Rc8 16. Rfd1 Bxd3 17. Qxd3 Nc6 18. Nxc6 Rxc6 19. dxc5 Rxc5 20. b4 Rcc8 21. a3 Rd8 22. Rac1 Rac8 23. Nxd5 Nxd5 24. Rxc8 Rxc8 25. Qxd5 Qf6 26. g3 g6 27. Kg2 Rc2 28. Qd8+ Qxd8 29.
Rxd8+ Kg7 30. Rd7 a5 31. bxa5 bxa5 32. Rd5 a4 33. Rd4 Ra2 34. Rxa4 f5 35. Ra6 h5 36. h4 Kf7 37. a4 Kg7 38. a5 Kf7 39.
Ra8 Kg7 40. a6 Kf7 41. a7 Kg7 42. Kf1 Ra1+ 43. Ke2 Ra3 44. f3 Ra4 45. Kd3 Ra3+ 46. Kc2 Ra4 47. e4 fxe4 48. fxe4 g5 49. hxg5 Ra6 50.
e5 1-0

[Event "Late-Titled-Tuesday-Blitz-March-12-2024"]
[Site "Chess.com"]
[Date "2024.03.12"]
[Round "10"]
[White "emeli_chess"]
[Black "KorolDimitriy75"]
[Result "1-0"]
[WhiteElo "2400"]
[BlackElo "2416"]
[TimeControl "180+1"]
[EndTime "15:53:34 PDT"]
[Termination "emeli_chess won on time"]

1. d4 Nf6 2. c4 c5 3. d5 b5 4. cxb5 a6 5. b6 d6 6. Nc3 Nbd7 7. a4 a5 8. e4 g6 9. Bb5 Bg7 10. Nf3 O-O 11. Qe2 Nxb6 12. O-O e6 13. Bc6 Rb8 14.
Nd2 exd5 15. exd5 Bd7 16. Qf3 Ng4 17. Re1 Ne5 18. Rxe5 dxe5 19. Nb5 Nxa4 20. Rxa4 Rxb5 21. Bxb5 Bxb5 22. Ra2 a4 23. b3 axb3 24. Nxb3 Bc4 25. Rc2 Bxd5 26. Qc3 Bxb3 27. Rd2 Qb6 28. h4 c4 29. h5 e4 30. Qh3 c3 31. Rd7 Qd4 32.
Rxd4 Bxd4 33. Qd7 Bg7 34. h6 Bh8 35. Qc7 Bd1 36. Ba3 Ra8 37. g3 c2 38. Kh2 1-0

[Event "Late-Titled-Tuesday-Blitz-March-12-2024"]
[Site "Chess.com"]
[Date "2024.03.12"]
[Round "10"]
[White "Szparu"]
[Black "newyorkmouse"]
[Result "1-0"]
[WhiteElo "2792"]
[BlackElo "2593"]
[TimeControl "180+1"]
[EndTime "15:53:35 PDT"]
[Termination "Szparu won by resignation"]

1. d4 Nf6 2. c4 a6 3. g3 c5 4. dxc5 e6 5. Be3 Ng4 6. Bd4 e5 7. Bc3 Bxc5 8. e3 d6 9. Bg2 h5 10. Nd2 h4 11. Ne4 hxg3 12. hxg3 Rxh1 13. Bxh1 Qc7 14.
b4 f5 15. bxc5 fxe4 16. Qxd6 Qf7 17. O-O-O Qxc4 18. Qg6+ Ke7 19. Qxg7+ Ke8 20. Ne2 Nc6 21. Qh8+ Ke7 22. Qh7+ Ke8 23. Bxe4 Be6 24. Bg6+ Kf8 25.
Qh8+ Bg8 26. Rd7 Ne7 27. Bh5 Qxe2 28. Bxg4 Qf1+ 29. Rd1 Qxf2 30. Qh6+ Ke8 31. Bh5+ Bf7 32. Qh8+ Ng8 33. Qxg8+ Ke7 34. Qxf7+ Qxf7 35. Bxf7 Kxf7 36.
Bxe5 Ke6 37. Bf4 a5 38. e4 a4 39. Rd6+ Ke7 40. g4 a3 41. g5 b5 42. g6 b4 43.
Bg5+ Kf8 44. e5 Kg7 45. Kc2 b3+ 46. Kxb3 Rb8+ 47. Kxa3 Ra8+ 48. Kb3 Rb8+ 49. Kc4 Ra8 50. Kd5 Rb8 51. e6 Ra8 52. e7 Rd8 53. Rxd8 Kxg6 54.
e8=Q+ Kf5 55. Qe4+ Kxg5 56. Rg8+ 1-0

[Event "Late-Titled-Tuesday-Blitz-March-12-2024"]
[Site "Chess.com"]
[Date "2024.03.12"]
[Round "10"]
[White "stollenmonster"]
[Black "AmanteDeMoi"]
[Result "1-0"]
[WhiteElo "2834"]
[BlackElo "2586"]
[TimeControl "180+1"]
[EndTime "15:53:40 PDT"]
[Termination "stollenmonster won on time"]

1. e4 g6 2. g3 Bg7 3. Bg2 c6 4. Ne2 d5 5. exd5 cxd5 6. d4 Nc6 7. c3 Bg4 8. h3 Bxe2 9. Qxe2 e6 10. O-O Nge7 11. Nd2 h5 12. h4 O-O 13. Nf3 Nf5 14. Bf4 Nd6 15. Rfe1 Rc8 16. Ng5 Nc4 17. b3 Nd6 18. g4 hxg4 19. Qxg4 Ne7 20. Nxe6 fxe6 21. Qxe6+ Kh7 22. Bxd6 Rf6 23. Bxe7 Rxe6 24. Bxd8 Rxe1+ 25. Rxe1 Rxd8 26. Re7 Rc8 27. Bxd5 Rxc3 28. Rxb7 Kh6 29.
Rxa7 Bxd4 30. Ra6 Rc1+ 31. Kg2 Rc2 32. Be4 Rxf2+ 33. Kg3 Rf6 34. Rxf6 Bxf6 35. b4 g5 36. hxg5+ Kxg5 37. Kf3 Bc3 38. b5 Kf6 39. Ke3 Ke5 40. Kd3 Ba5 41. Bf3 Kd6 42. Kc4 Kc7 43. Kc5 Bb6+ 44.
Kb4 Kd6 45. a4 Bc5+ 46. Ka5 Kc7 47. Ka6 Kb8 48. a5 Kc7 49. b6+ Kb8 50. Kb5 Bd6 51. a6 1-0

[Event "Late-Titled-Tuesday-Blitz-March-12-2024"]
[Site "Chess.com"]
[Date "2024.03.12"]
[Round "10"]
[White "Jagerrmeisterr"]
[Black "KuzubovYuriy"]
[Result "1-0"]
[WhiteElo "2743"]
[BlackElo "2898"]
[TimeControl "180+1"]
[EndTime "15:53:41 PDT"]
[Termination "Jagerrmeisterr won by resignation"]

1. e4 g6 2. Nc3 Bg7 3. g3 e5 4. Bg2 Ne7 5. Nge2 O-O 6. O-O d6 7. d3 Nbc6 8. Be3 f5 9. f4 fxe4 10. dxe4 Be6 11. Qd2 Qd7 12. Nd5 Rae8 13. Rae1 Nc8 14.
c3 Nb6 15. b3 exf4 16. Nexf4 Bf7 17. Bh3 Qd8 18. Nxb6 axb6 19. Nd5 Bxd5 20. exd5 Ne5 21. Be6+ Kh8 22. Qe2 Qe7 23. c4 c5 24. Kg2 h5 25.
h4 Kh7 26. Qc2 Rxf1 27. Rxf1 Rf8 28. Rxf8 Qxf8 29. Qe4 Qa8 30. Qc2 Qa5 31. Bd2 Qa6 32. a4 Qa8 33. Bf4 Qf8 34. Qe4 Bf6 35. Kh3 Qe7 36. Qe2 Qg7 37. Qf1 Qe7 38. Bd2 Kg7 39. Qf4 Ng4 40. Bxg4 hxg4+ 41. Qxg4 Kh7 42. h5 gxh5 43.
Qxh5+ Kg8 44. Qg6+ Kh8 45. Bf4 Bd4 46. Qh5+ Kg8 47.
Qg5+ Qxg5 48. Bxg5 Be5 49. Kg4 Kf7 50. Bf4 1-0

[Event "Late-Titled-Tuesday-Blitz-March-12-2024"]
[Site "Chess.com"]
[Date "2024.03.12"]
[Round "10"]
[White "lasRojas"]
[Black "expii"]
[Result "1-0"]
[WhiteElo "2314"]
[BlackElo "2193"]
[TimeControl "180+1"]
[EndTime "15:53:42 PDT"]
[Termination "lasRojas won on time"]

1. e4 c5 2. Nf3 d6 3. d4 cxd4 4. Nxd4 Nf6 5. Nc3 g6 6. Be2 Bg7 7. O-O O-O 8. Bg5 Nc6 9. Nb3 Be6 10. Kh1 h6 11. Be3 Ne5 12. f4 Nc4 13. Bc1 Rc8 14.
f5 Bd7 15. Qe1 Ne5 16. Qh4 g5 17. Qg3 Rxc3 18. Qxc3 Nxe4 19. Qe1 Qc8 20. Bd3 Nxd3 21. cxd3 Nc5 22. Nxc5 dxc5 23. Qf2 Bc6 24. Be3 b6 25. d4 c4 26. Rac1 b5 27. b3 Bd5 28.
bxc4 bxc4 29. h4 f6 30. Qg3 Kf7 31. Kg1 Rh8 32. h5 Rd8 33. Rf2 Qd7 34. Qg4 Qd6 35.
Rb2 Rd7 36. Qh3 Bc6 37. Qh2 Qxh2+ 38. Kxh2 Bd5 39. Rc3 a5 40. Rb5 e6 41. fxe6+ Kxe6 42. Rb6+ Kf5 43. Bf2 Ke4 44. Re3+ Kf5 45. Bg3 1-0

[Event "Late-Titled-Tuesday-Blitz-March-12-2024"]
[Site "Chess.com"]
[Date "2024.03.12"]
[Round "10"]
[White "GlavkonVVS"]
[Black "jinxy2009"]
[Result "1-0"]
[WhiteElo "2608"]
[BlackElo "2260"]
[TimeControl "180+1"]
[EndTime "15:53:43 PDT"]
[Termination "GlavkonVVS won on time"]

1. c4 Nf6 2. Nc3 g6 3. Nf3 Bg7 4. d4 d5 5. cxd5 Nxd5 6. Qb3 Nxc3 7. bxc3 O-O 8. Ba3 Nd7 9. Rd1 b6 10. h4 Bb7 11. h5 Re8 12. hxg6 hxg6 13. e3 e6 14. Bd3 Qf6 15. Qb5 Rad8 16. Ke2 e5 17. dxe5 Nxe5 18. Nxe5 Rxe5 19. Qc4 c5 20. f3 Rde8 21. Bc1 Qg5 22. Kf1 Qg3 23. Qh4 Qxh4 24. Rxh4 f5 25. Bc4+ Kf8 26. Rd7 Bc6 27. Rxa7 R5e7 28.
Rxe7 Kxe7 29. Rh7 Kf6 30. Bd2 Ra8 31. Ke2 b5 32. Bb3 c4 33. Bc2 Rxa2 34. Kd1 g5 35.
Bxf5 Kxf5 36. Rxg7 b4 37. cxb4 Ba4+ 38. Ke1 Rc2 39. Rc7 Bb3 40. Rc5+ Kg6 41. e4 g4 42. fxg4 Rb2 43. Rc6+ Kg7 44. Ke2 Ba4 45. Rc7+ Kg6 46. Ke3 Rb3+ 47. Kf4 1-0

[Event "Late-Titled-Tuesday-Blitz-March-12-2024"]
[Site "Chess.com"]
[Date "2024.03.12"]
[Round "10"]
[White "nindjaxx8"]
[Black "EsmeraldasAnderson03"]
[Result "1-0"]
[WhiteElo "2686"]
[BlackElo "2575"]
[TimeControl "180+1"]
[EndTime "15:53:44 PDT"]
[Termination "nindjaxx8 won on time"]

1. d4 d5 2. c4 dxc4 3. Nc3 Nf6 4. e3 a6 5. Bxc4 e6 6. Be2 c5 7. Nf3 Be7 8. O-O O-O 9. a3 b5 10. dxc5 Bxc5 11. b4 Be7 12. Bb2 Bb7 13. Qb3 Nbd7 14. Rfd1 Qe8 15. Rac1 Nb6 16. Nd4 Rc8 17. Bf3 Bxf3 18.
Nxf3 Nc4 19. Ne2 Nxb2 20. Qxb2 Nd5 21. Ned4 Bf6 22. Qb3 Nb6 23. h3 Qe7 24. Nc6 Qb7 25. Na5 Qe4 26. Rxc8 Rxc8 27. Qa2 Nc4 28. Nb3 g6 29.
Nc5 Qc6 30. Nd4 Qd5 31. Qe2 Qa8 32. a4 Bxd4 33. Rxd4 Qc6 34. axb5 axb5 35. Qd3 Ne5 36. Qd1 Kg7 37. Rd6 Qa8 38. Qd4 f6 39. Nxe6+ Kg8 40.
Nc5 Re8 41. Rxf6 Qa2 42. f4 1-0

[Event "Late-Titled-Tuesday-Blitz-March-12-2024"]
[Site "Chess.com"]
[Date "2024.03.12"]
[Round "10"]
[White "Eloist"]
[Black "LikeWater"]
[Result "0-1"]
[WhiteElo "2484"]
[BlackElo "2690"]
[TimeControl "180+1"]
[EndTime "15:53:45 PDT"]
[Termination "LikeWater won by resignation"]

1. e4 e5 2. Bc4 Nf6 3. d3 c6 4. Nf3 d5 5. Bb3 Bd6 6. Nc3 dxe4 7. Ng5 O-O 8. Ncxe4 Nxe4 9. Nxe4 Be7 10. O-O Bf5 11. Ng3 Bg6 12. f4 exf4 13. Bxf4 Qd4+ 14. Kh1 Qxb2 15. Rb1 Qd4 16. Qe2 Bd6 17. Bxd6 Qxd6 18. Rbe1 Nd7 19. Qe7 Qxe7 20. Rxe7 Nc5 21. Rfe1 b5 22.
h4 h6 23. h5 Bh7 24. Rc7 Nxb3 25. axb3 Rfc8 26. Ree7 Rxc7 27. Rxc7 a5 28. Rxc6 a4 29. bxa4 bxa4 30. Ne2 a3 31. Nc3 Bf5 32. Na2 Be6 33. c4 Bf5 34. Rd6 Rb8 35. Rd5 Be6 36. Ra5 Rb3 37. Ra8+ Kh7 38. Nc1 Rb1 39. Kh2 Rxc1 40. Rxa3 Bg4 41. Ra5 Rc3 42. Rd5 Be2 43. Rd4 Bxd3 44.
c5 f5 45. Rd6 Be4 46. Kg1 Rxc5 0-1

[Event "Late-Titled-Tuesday-Blitz-March-12-2024"]
[Site "Chess.com"]
[Date "2024.03.12"]
[Round "10"]
[White "Grischuk"]
[Black "vugarrasulov"]
[Result "1-0"]
[WhiteElo "3076"]
[BlackElo "2948"]
[TimeControl "180+1"]
[EndTime "15:53:47 PDT"]
[Termination "Grischuk won on time"]

1. d4 Nf6 2. c4 e6 3. Bg5 c5 4. d5 exd5 5. cxd5 d6 6. e4 Be7 7. Bf4 O-O 8. Nd2 Re8 9. Bd3 Bf8 10. Ne2 Na6 11. O-O Nb4 12. Bb1 b6 13. a3 Na6 14.
Nc3 Nc7 15. Bd3 a6 16. a4 Rb8 17. Qc2 b5 18. b3 g6 19. h3 Bg7 20. Rae1 Rb6 21.
Re2 Nd7 22. a5 Rb7 23. Bxd6 Be5 24. Bxe5 Nxe5 25. f4 Nxd3 26. Qxd3 f5 27. d6 Ne6 28. e5 Nd4 29. Re3 Be6 30. Ne2 Nxb3 31. Nxb3 c4 32. Qd2 cxb3 33. Nd4 Bc4 34. Rb1 b4 35. Nxb3 Bxb3 36. Rexb3 Qxa5 37. Rxb4 Kh8 38. Qd4 Rxb4 39. Rxb4 Kg8 40. Kh2 Qa2 41. Rb7 Qe6 42. Qa7 1-0

[Event "Late-Titled-Tuesday-Blitz-March-12-2024"]
[Site "Chess.com"]
[Date "2024.03.12"]
[Round "10"]
[White "ChainedDowntohell"]
[Black "buenamor1972"]
[Result "1-0"]
[WhiteElo "2542"]
[BlackElo "2379"]
[TimeControl "180+1"]
[EndTime "15:53:48 PDT"]
[Termination "ChainedDowntohell won by resignation"]

1. e4 e5 2. Nf3 Nc6 3. Bc4 Nf6 4. d3 Be7 5. Nc3 O-O 6. a4 Na5 7. Ba2 d6 8. O-O c5 9. h3 Be6 10. Bg5 Bxa2 11. Rxa2 Nc6 12. Bxf6 Bxf6 13. Nd5 g6 14.
Nd2 Bg7 15. c3 f5 16. Nc4 f4 17. Qg4 Re8 18. a5 Rb8 19. b4 cxb4 20. cxb4 Nd4 21.
Rc1 f3 22. gxf3 Bh6 23. f4 Bxf4 24. Nxf4 exf4 25. Kh1 Qf6 26. Nd2 h5 27. Qg2 f3 28.
Qh2 Ne2 29. Re1 Rbc8 30. Nf1 Rc1 31. Raxe2 fxe2 32. Rxc1 exf1=Q+ 33. Rxf1 Rc8 34. f4 Rc3 35. Qg3 h4 36. Qf3 Rb3 37. Rg1 Ra3 38. f5 g5 39.
Qe3 Ra1 40. Rxa1 Qxa1+ 41. Kg2 Qb2+ 42. Kf3 Qxb4 43. Qxg5+ Kf8 44. Qf6+ Ke8 45. Qe6+ Kd8 46. f6 Qc5 47. Qe7+ Kc8 48. f7 Qh5+ 49. Kf2 1-0

[Event "Late-Titled-Tuesday-Blitz-March-12-2024"]
[Site "Chess.com"]
[Date "2024.03.12"]
[Round "10"]
[White "Synctel"]
[Black "Englishman_18"]
[Result "0-1"]
[WhiteElo "1921"]
[BlackElo "2269"]
[TimeControl "180+1"]
[EndTime "15:53:48 PDT"]
[Termination "Englishman_18 won on time"]

1. e4 c5 2. Ne2 d6 3. g3 Nf6 4. Bg2 g6 5. c3 Nc6 6. d4 cxd4 7. cxd4 Bg7 8. Nbc3 a6 9. O-O Bd7 10. h3 Rc8 11. Be3 b5 12. Qd2 O-O 13. Rac1 Re8 14. f4 Na5 15. b3 e5 16. fxe5 dxe5 17. d5 Nb7 18. Bg5 Nd6 19. Kh2 Qe7 20. Qe3 h6 21. Bxh6 Bxh6 22. Qxh6 b4 23. Qh4 bxc3 24. Qxf6 Bb5 25.
Qxe7 Rxe7 26. Rf2 Bxe2 27. Rxe2 Nb5 28. Rec2 Rec7 29. Bf1 Nd4 30. Bc4 Nxc2 31. Rxc2 Rxc4 32. bxc4 Rxc4 33. Kg2 Rxe4 34. Rxc3 Rd4 35. Ra3 Rxd5 36. Rxa6 Kg7 37. Kf3 Rd4 38. h4 Rb4 39. a4 Rc4 40. a5 Ra4 41. Ra8 Kf6 42. a6 Kf5 43. a7 Ra3+ 44.
Kg2 Kf6 45. Kf2 Kf5 46. Rf8 Rxa7 0-1

[Event "Late-Titled-Tuesday-Blitz-March-12-2024"]
[Site "Chess.com"]
[Date "2024.03.12"]
[Round "10"]
[White "Hrant_ChessMood"]
[Black "KaydenTroffChess"]
[Result "0-1"]
[WhiteElo "2958"]
[BlackElo "2834"]
[TimeControl "180+1"]
[EndTime "15:53:51 PDT"]
[Termination "KaydenTroffChess won by checkmate"]

1. c4 Nf6 2. g3 g6 3. Bg2 Bg7 4. Nf3 O-O 5. O-O c6 6. d4 d5 7. Qa4 Nbd7 8. cxd5 Nxd5 9. Nc3 N5b6 10. Qa3 Re8 11. Bg5 h6 12. Bf4 g5 13. Be3 Nc4 14.
Qb3 Nxe3 15. fxe3 Qb6 16. Qc2 e5 17. Rad1 exd4 18. exd4 c5 19. Nd5 Qc6 20. Nxg5 hxg5 21. Ne7+ Rxe7 22. Bxc6 bxc6 23. dxc5 Ba6 24. Rf2 Nf6 25.
Rd4 Rae8 26. Qf5 Bc8 27. Qxg5 Ne4 28. Rxe4 Rxe4 29. a3 Rg4 30. Qc1 Bd4 31. Kg2 Bxf2 32. Kxf2 Rg6 33. e3 Rf6+ 34. Kg2 Rfe6 35. e4 Rg6 36. Qf4 Rg4 37. Qc7 Rgxe4 38. Qxc6 Re2+ 39.
Kf3 R2e3+ 40. Kf4 R3e6 41. Qc7 Rf6+ 42. Kg5 Rf5+ 43. Kh4 Re4+ 44. g4 Rxg4+ 45. Kh3 Rh5# 0-1

[Event "Late-Titled-Tuesday-Blitz-March-12-2024"]
[Site "Chess.com"]
[Date "2024.03.12"]
[Round "10"]
[White "Likvidator228"]
[Black "baki83"]
[Result "0-1"]
[WhiteElo "2614"]
[BlackElo "2834"]
[TimeControl "180+1"]
[EndTime "15:53:52 PDT"]
[Termination "baki83 won by resignation"]

1. d4 d5 2. Bf4 Bf5 3. e3 e6 4.
c4 Bxb1 5. Qa4+ c6 6. Rxb1 Bd6 7.
Bxd6 Qxd6 8. Nf3 Nf6 9. Bd3 Nbd7 10. O-O dxc4 11. Qxc4 O-O 12. b4 e5 13. dxe5 Nxe5 14.
Nxe5 Qxe5 15. h3 Rfd8 16. Rfd1 Rd5 17. Bc2 Rad8 18. Rxd5 Rxd5 19. Rd1 Rxd1+ 20. Bxd1 Qa1 21. Qd3 g6 22. a3 Nd5 23. Kh2 Qb2 24. e4 Nf4 25.
Qd8+ Kg7 26. Kg1 Ne6 27. Qd3 Nd4 28. g3 Nb5 29. a4 Nd4 30. b5 cxb5 31. axb5 Nxb5 32.
Kg2 Nd4 33. Qc4 Qb6 34. Bg4 Qd6 35. f4 a5 36. Bf3 b5 37. Qd3 b4 38. e5 Qc5 39.
Be4 b3 40. g4 b2 41. Kg3 a4 42.
f5 Qxe5+ 43. Kg2 a3 44. Bf3 Nxf3 45. Kxf3 a2 46. Qc2 b1=Q 0-1

[Event "Late-Titled-Tuesday-Blitz-March-12-2024"]
[Site "Chess.com"]
[Date "2024.03.12"]
[Round "10"]
[White "SamuraisOfChess"]
[Black "KNVB"]
[Result "1-0"]
[WhiteElo "2596"]
[BlackElo "2764"]
[TimeControl "180+1"]
[EndTime "15:53:52 PDT"]
[Termination "SamuraisOfChess won on time"]

1. e4 c5 2. Nf3 e6 3. d4 cxd4 4.
Nxd4 Nc6 5. Nc3 Qc7 6. Be3 a6 7. Qd2 b5 8. O-O-O Bb7 9. f3 h5 10. Kb1 Nf6 11. Bg5 Be7 12. Nxc6 Qxc6 13. e5 Nd5 14.
Ne4 f6 15. exf6 gxf6 16. Bh4 O-O-O 17. Bf2 f5 18. Ng3 Bc5 19. Bxc5 Qxc5 20. Ne2 Qe3 21. Qa5 Qb6 22. Qd2 Ne3 23. Rc1 Nc4 24. Qc3 Qe3 25.
Qxe3 Nxe3 26. Nd4 h4 27. c4 bxc4 28. Bxc4 Kb8 29. Rhg1 Rhg8 30. g3 hxg3 31. hxg3 Rc8 32. Bb3 Rxc1+ 33. Kxc1 f4 34. g4 Rc8+ 35. Kd2 e5 36.
Nf5 Bxf3 37. Nxe3 fxe3+ 38. Kxe3 Rf8 39. g5 Bh5 40. g6 Bxg6 41. Rxg6 Kc7 42. Rxa6 Rh8 43.
Rf6 Rh3+ 44. Rf3 Rh2 45. Rf2 Rh3+ 46. Ke4 d6 47. Kd5 Rd3+ 48. Ke6 e4 49. Re2 Rd4 50. Kf5 1-0

[Event "Late-Titled-Tuesday-Blitz-March-12-2024"]
[Site "Chess.com"]
[Date "2024.03.12"]
[Round "10"]
[White "yaguigor"]
[Black "nj123456"]
[Result "1-0"]
[WhiteElo "2600"]
[BlackElo "2461"]
[TimeControl "180+1"]
[EndTime "15:53:53 PDT"]
[Termination "yaguigor won by resignation"]

1. Nf3 Nf6 2. c4 e6 3. Nc3 d5 4.
d4 Be7 5. Bf4 O-O 6. e3 c5 7.
dxc5 Bxc5 8. cxd5 Nxd5 9. Nxd5 exd5 10. a3 Nc6 11. Bd3 Bg4 12. Bxh7+ Kxh7 13. Qc2+ g6 14.
Ng5+ Kg8 15. Qxc5 d4 16. h3 dxe3 17. Bxe3 Bf5 18. Rd1 Qf6 19. Qc3 Qxc3+ 20. bxc3 Rac8 21. O-O Na5 22. Bxa7 Rxc3 23. Bd4 Rc2 24. g4 Bc8 25.
Ne4 Nc6 26. Nf6+ Kg7 27. Ba1 Kh6 28. Rfe1 Be6 29. h4 g5 30. Kg2 Rd8 31. Rxd8 Nxd8 32.
Kg3 gxh4+ 33. Kxh4 Rxf2 34. Ne4 Rh2+ 35. Kg3 Ra2 36. Kf4 Nc6 37. Bf6 Rxa3 38. Rh1+ Kg6 39. Rh8 Bxg4 40. Rg8+ Kh7 41. Rxg4 Ra1 42. Rg7+ Kh6 43. Rxf7 Rf1+ 44. Ke3 Ne5 45. Bg7+ Kg6 46. Rxf1 Ng4+ 47. Kd4 Kxg7 48. Rg1 1-0

[Event "Late-Titled-Tuesday-Blitz-March-12-2024"]
[Site "Chess.com"]
[Date "2024.03.12"]
[Round "10"]
[White "simaopdias"]
[Black "Inepton_Fermion"]
[Result "0-1"]
[WhiteElo "2266"]
[BlackElo "2463"]
[TimeControl "180+1"]
[EndTime "15:53:53 PDT"]
[Termination "Inepton_Fermion won on time"]

1. e4 c5 2. Nf3 e6 3. d4 cxd4 4. Nxd4 Nc6 5. Be3 Nf6 6. Bd3 d5 7. Bb5 Bd7 8. Bxc6 bxc6 9. e5 Ne4 10. O-O Be7 11. f3 Nc5 12. Nd2 O-O 13. f4 Na4 14. Rb1 Rb8 15. N4b3 c5 16. c4 dxc4 17. Nxc4 Bb5 18.
Qe2 Nb6 19. Nbd2 Qc8 20. Rfc1 Qa6 21. b3 Nd5 22. Ne4 Rfc8 23. Bd2 Nb4 24. Bxb4 cxb4 25. Qg4 Bxc4 26. bxc4 Rxc4 27. Nf6+ Kh8 28. Nh5 Bf8 29. Rd1 Qxa2 30. h4 b3 31. Ra1 Qxa1 32. Rxa1 b2 33. Qd1 bxa1=Q 34. Qxa1 Rc7 35. Kh2 Rcb7 36. Qa4 Ra8 37.
Qa6 Rab8 38. Kg3 Be7 39. Kg4 g6 40. Ng3 h5+ 0-1

[Event "Late-Titled-Tuesday-Blitz-March-12-2024"]
[Site "Chess.com"]
[Date "2024.03.12"]
[Round "10"]
[White "Vesapesa"]
[Black "maurovargas01"]
[Result "1-0"]
[WhiteElo "2199"]
[BlackElo "1833"]
[TimeControl "180+1"]
[EndTime "15:53:56 PDT"]
[Termination "Vesapesa won on time"]

1. e4 d5 2. exd5 Qxd5 3. Nc3 Qa5 4. d4 c6 5. Be3 Qc7 6. Qd2 Nf6 7. O-O-O Nd5 8. Nxd5 cxd5 9. Bf4 Qb6 10. Nf3 Bg4 11.
Be2 e6 12. h3 Bf5 13. Bd3 Bxd3 14. Qxd3 Nd7 15. Rhe1 Nf6 16. Ne5 Rc8 17. f3 Bd6 18. Kb1 O-O 19. g4 Rc7 20. Re2 Rfc8 21. Ka1 Qa5 22. c3 Qa6 23. Qxa6 bxa6 24. Nd3 a5 25.
Bxd6 Rc6 26. Bc5 Nd7 27. Ba3 Nb6 28. Ne5 R6c7 29. f4 f6 30. Nd3 Kf7 31. Nc5 Rc6 32.
Rde1 Nc4 33. Rxe6 Nxa3 34. bxa3 Rxe6 35. Nxe6 Rxc3 36. f5 Rxh3 37. Nc7 Rxa3 38. Nxd5 h6 39. Re7+ Kf8 40. Rxa7 Ra4 41. Nc7 Rxd4 42. Ne6+ Ke8 43.
Nxd4 a4 44. Kb2 a3+ 45. Kc3 1-0

[Event "Late-Titled-Tuesday-Blitz-March-12-2024"]
[Site "Chess.com"]
[Date "2024.03.12"]
[Round "10"]
[White "tptagain"]
[Black "Adar_07"]
[Result "0-1"]
[WhiteElo "2956"]
[BlackElo "2841"]
[TimeControl "180+1"]
[EndTime "15:53:58 PDT"]
[Termination "Adar_07 won by checkmate"]

1. Nf3 Nf6 2. d4 e6 3. Bg5 d5 4. Nbd2 c5 5. e4 Nc6 6. e5 h6 7. Bh4 g5 8. Nxg5 hxg5 9. Bxg5 Be7 10. exf6 Bxf6 11. Bxf6 Qxf6 12. dxc5 Qxb2 13. Rb1 Qxa2 14.
Bb5 Qa3 15. O-O Qxc5 16. c4 Bd7 17. cxd5 Qxd5 18. Nc4 Qxd1 19. Rfxd1 Ke7 20. Nd6 Bc8 21. Ba4 Rd8 22. Nxc8+ Raxc8 23. Rxb7+ Kf6 24. Ra1 a5 25. g3 Rd2 26. Rc1 Ne7 27. Rxc8 Nxc8 28. Rb8 Nd6 29.
Bc6 Rc2 30. Bf3 a4 31. Ra8 Rc3 32. Kg2 a3 33. h4 Nc4 34. Be4 Nd2 35. Bb7 Rb3 36.
Bc6 Rc3 37. Be8 Ne4 38. Ra7 Nd6 39. Bd7 Ke7 40. h5 Kf6 41. g4 Kg5 42. f3 Nc4 43.
Kg3 Ne5 44. Ra5 Rxf3+ 45. Kg2 Re3 46. Be8 f5 47. gxf5 exf5 48. Ra8 Ng4 49. Bg6 Re2+ 50. Kf3 Rf2+ 51. Kg3 f4+ 52. Kh3 Rh2# 0-1

[Event "Late-Titled-Tuesday-Blitz-March-12-2024"]
[Site "Chess.com"]
[Date "2024.03.12"]
[Round "10"]
[White "BogdanDeac"]
[Black "mishanick"]
[Result "1-0"]
[WhiteElo "3106"]
[BlackElo "3112"]
[TimeControl "180+1"]
[EndTime "15:54:00 PDT"]
[Termination "BogdanDeac won by resignation"]

1. d4 Nf6 2. c4 e6 3. Nf3 d5 4. Nc3 c5 5. cxd5 cxd4 6. Qxd4 exd5 7. e4 dxe4 8. Qxd8+ Kxd8 9. Ng5 Be6 10. Bd2 Nbd7 11.
Ncxe4 Nxe4 12. Nxe4 h6 13. Bc3 f5 14. Ng3 Nc5 15. Be2 Ke7 16. Nh5 Kf7 17. Nf4 Rg8 18.
Nxe6 Nxe6 19. O-O-O Rc8 20. Rd7+ Kg6 21. Rxb7 Bc5 22. g4 fxg4 23. Bxg4 Rce8 24. Bxe6 Rxe6 25. Rg1+ Kh5 26. Rb5 Rc8 27. b4 Re5 28. Rxc5 Rcxc5 29. bxc5 Rxc5 30. Kc2 g5 31. Rg3 Rf5 32. f3 Rf4 33. Rh3+ Kg6 34. Rg3 Rh4 35. h3 Ra4 36. Kb3 Rf4 37. Bd2 Rd4 38. Kc2 Kf5 39. Rg4 Rd6 40. h4 Rc6+ 41. Kd1 Kg6 42. hxg5 h5 43. Rh4 a6 44. a4 Rb6 45. Ke2 Re6+ 46. Re4 Rd6 47. Be3 Kf5 48. Rf4+ Ke5 49. Rf6 Rxf6 50. Bd4+ Kxd4 51.
gxf6 1-0

[Event "Late-Titled-Tuesday-Blitz-March-12-2024"]
[Site "Chess.com"]
[Date "2024.03.12"]
[Round "10"]
[White "falzehope0"]
[Black "Gabcur"]
[Result "1-0"]
[WhiteElo "2417"]
[BlackElo "2299"]
[TimeControl "180+1"]
[EndTime "15:54:00 PDT"]
[Termination "falzehope0 won on time"]

1. d4 d5 2. e3 c5 3. c3 Nc6 4. f4 Bf5 5. Ne2 Nf6 6. Ng3 Be4 7. Nd2 e6 8. Ndxe4 Nxe4 9. Nxe4 dxe4 10. Qc2 f5 11. Qb3 Qd7 12. Be2 cxd4 13. exd4 Be7 14. O-O O-O 15. Bc4 Rf6 16. Be2 a6 17.
Be3 b5 18. a4 Na5 19. Qa2 b4 20. Rad1 Rff8 21. c4 b3 22. Qa1 Rfc8 23. c5 Nc6 24.
Bc4 Rcb8 25. d5 Na5 26. dxe6 Qc8 27. Bd5 Bxc5 28. e7+ Kh8 29. e8=Q+ Qxe8 30. Bxc5 Nc6 31. Qc1 Rc8 32. Qe3 Rab8 33. Qg3 h6 34. Bxc6 Rxc6 35. Bd4 Rb7 36. Be5 Rg6 37. Qh3 Rf7 38. Qxb3 Kh7 39. Qh3 Qxa4 40. Rd8 Qc4 41. Rfd1 Qc5+ 42. Kh1 e3 43. R8d6 Rxd6 44. Bxd6 Qc2 45. Qf3 Rf6 46. Be5 Rb6 47. Re1 Rc6 48. Qxe3 a5 49. h3 Rc4 50. Qf3 1-0